 Dungeon Crawl Stone Soup version 0.25-a0-479-g8579842fd4 (webtiles) character file.

Game seed: 6339126404675357194, levelgen mode: deterministic

274 Error4North the Shield-Bearer (level 6, -1/52 HPs)
             Began as a Hill Orc Fighter on Feb 9, 2020.
             Slain by a gnoll
             ... wielding a +0 halberd
              (11 damage)
             ... on level 4 of the Dungeon.
             The game lasted 00:08:00 (2171 turns).

Error4North the Shield-Bearer (Hill Orc Fighter)    Turns: 2171, Time: 00:08:00

Health: -1/52      AC:  7    Str: 21    XL:     6   Next: 24%
Magic:  6/6        EV:  8    Int:  8    God:
Gold:   108        SH: 10    Dex: 10    Spells: 5/5 levels left

rFire    . . .     SeeInvis .   a - +0 war axe
rCold    . . .     Gourm    .   c - +0 shield
rNeg     . . .     Faith    .   b - +0 scale mail
rPois    .         Spirit   .   (no helmet)
rElec    .         Reflect  .   (no cloak)
rCorr    .         Harm     .   (no gloves)
MR       .....                  (no boots)
Stlth    ..........             (no amulet)
HPRegen  0.17/turn              (no ring)
MPRegen  0.10/turn              (no ring)

@: no status effects
A: no striking features
a: no special abilities


You were on level 4 of the Dungeon.
You were not hungry.

You visited 1 branch of the dungeon, and saw 4 of its levels.

You collected 108 gold pieces.

Inventory:

Hand Weapons
 a - a +0 war axe (weapon)
Armour
 b - a +0 scale mail (worn)
 c - a +0 shield (worn)
Scrolls
 e - 4 scrolls of teleportation {unknown}
 g - a scroll of remove curse {unknown}
 l - a scroll of noise {unknown}
 m - 2 scrolls of identify {unknown}
Potions
 d - a potion of might
 h - a potion of brilliance {unknown}
 j - a potion of haste {unknown}
 n - a potion of heal wounds {unknown}
Comestibles
 f - 13 rations
 o - a chunk of flesh


   Skills:
 + Level 4.0 Fighting
 + Level 5.0 Axes
 * Level 4.3 Armour
 + Level 0.9 Dodging
 + Level 0.1 Stealth
 * Level 5.3 Shields


You had 5 spell levels left.
You didn't know any spells.
Your spell library was empty.

Dungeon Overview and Level Annotations

Branches:
Dungeon (4/15)
 Temple: D:4-7

Altars:
Ru
Vehumet


Message History

Okay, then.
You are held in a net.
Your movement speed is average.
Your attack speed is quite slow (and is slowed by your insufficient shield skill).
Unknown command.
It was a potion of magic.
Magic courses through your body. The gnoll hits you with a +0 club.
* * * LOW HITPOINT WARNING * * *
The gnoll barely misses you.
It was a potion of curing.
You feel better. The gnoll barely misses you. x2
The gnoll hits you but does no damage.
You shred the net and break free! The gnoll barely misses you.
The gnoll hits you but does no damage. The gnoll barely misses you.
You slash the gnoll!
You kill the gnoll!
You hit the gnoll. You block the gnoll's attack. The gnoll barely misses you.
You slice the gnoll!!
You kill the gnoll!
You block the gnoll's attack. The gnoll hits you with a +0 halberd!
You die...

........#
######..#####.#
#........#
#.######## #.#
#######.#
#.......#.### ###
#.#######...g##.#
#.# #......@..#
#.# #.####.#).#
#.# ...#.## #.#
#####.# #.#
####.# #.# #....#
#.##### #.####
#.....# #.#
#####.# #.#


You could see a gnoll.

Vanquished Creatures
  A howler monkey (D:3)
  Jessica (D:2)
  Natasha (twice) (D:2)
  2 gnolls (D:4)
  4 adders
  3 oozes
  4 dart slugs
  A leopard gecko (D:3)
  8 orcs (D:3)
  2 ball pythons
  3 giant cockroaches
  2 goblins
  7 hobgoblins
  11 jackals
  2 quokkas
  7 bats
  6 frilled lizards
  7 kobolds
  7 rats
80 creatures vanquished.

Vanquished Creatures (others)
  A bat (D:2)
  A kobold (D:2)
2 creatures vanquished.

Grand Total: 82 creatures vanquished

Notes
Turn   | Place    | Note
-------+----------+-------------------------------------------
     0 | D:1      | Error4North the Hill Orc Fighter began the quest for the
                  | Orb.
     0 | D:1      | Reached XP level 1. HP: 19/19 MP: 1/1
    64 | D:1      | Reached XP level 2. HP: 22/26 MP: 2/2
   236 | D:1      | Reached XP level 3. HP: 32/33 MP: 3/3
   425 | D:2      | Found a radiant altar of Vehumet.
   587 | D:2      | Reached XP level 4. HP: 34/40 MP: 4/4
   637 | D:2      | Found a sacrificial altar of Ru.
   663 | D:2      | Noticed Natasha
   675 | D:2      | Killed Natasha
   750 | D:2      | Noticed Natasha
   761 | D:2      | Killed Natasha
   884 | D:2      | Reached XP level 5. HP: 46/46 MP: 5/5
   966 | D:2      | Noticed Jessica
   973 | D:2      | Killed Jessica
  1390 | D:3      | Reached skill level 5 in Shields
  1471 | D:3      | Reached XP level 6. HP: 44/52 MP: 6/6
  1646 | D:3      | Reached skill level 5 in Axes
  2166 | D:4      | HP: 2/52 [gnoll/+0 club (2)]
  2171 | D:4      | Slain by a gnoll

Levels and vault maps discovered:
D:1:      dpeg_arrival_rooms_c, layout_rooms, minmay_misc_feat_chi
D:2:      layout_loops_ring, fiery_altar_vehumet, first_ration,
          nicolae_ru_great_annihilating_truth, uniq_natasha, uniq_jessica
D:3:      layout_loops_ring
D:4:      layout_basic

Skill      XL: |  1  2  3  4  5  6 |
---------------+-------------------+-----
Axes           | 3 4 5 |  5.0
Shields        | 4 5 |  5.3
Armour         | 4 |  4.3
Fighting       | 4 |  4.0
Dodging        | |  0.9
Stealth        | |  0.1

Action                   |  1- 3 |  4- 6 || total
-------------------------+-------+-------++-------
Melee: War axe           |   122 |   159 ||   281
  Use: Potion            |       |     2 ||     2
 Stab: Paralysed         |       |     1 ||     1
  Eat: Chunk             |       |     5 ||     5
Armor: Scale mail        |    71 |    78 ||   149
Dodge: Dodged            |    38 |    60 ||    98
Block: Shield            |    90 |    93 ||   183

Table legend:
 A = Non-vault XP
 B = Vault XP
 C = Vault XP percentage of total XP
 D = Non-vault monster count
 E = Vault monster count
 F = Vault count percentage of total count
                 A         B        C        D         E       F
            +---------+---------+-------+---------+---------+-------
      Total |     314 |      78 |  19.9 |      74 |       6 |   7.5
            +---------+---------+-------+---------+---------+-------
        D:1 |      47 |       0 |   0.0 |      22 |       0 |   0.0
        D:2 |     108 |      78 |  41.9 |      21 |       6 |  22.2
        D:3 |     129 |       0 |   0.0 |      28 |       0 |   0.0
        D:4 |      30 |       0 |   0.0 |       3 |       0 |   0.0
            +---------+---------+-------+---------+---------+-------
